Map: Thunderbird LE

Players

GOReynor (Reynor) - Winner!

  • Race: Zerg Zerg
  • League: Master
  • Spawn Location: 5:00

Harstem

  • Race: Protoss Protoss
  • League: Grandmaster
  • Spawn Location: 11:00

Event: 2019 Assembly Summer

VOD

Have the link to the VOD?

Description

Time

  • Played on: Aug. 1, 2019, 6:48 a.m.
  • Length: 12:06

All games in this series

Show
View Real Time Build Order
Export as new Build Order

GOReynor Zerg - Winner!

Build Orders: Hatch First 

Get SALT Encoding   

  12  0:00  Drone  
  13  0:13  Overlord  
  13  0:17  Drone  
  14  0:31  Drone x2  
  16  0:48  Hatchery  
  15  0:51  Drone  
  15  0:55  Drone  
  17  0:59  Drone  
  18  1:09  Extractor  
  17  1:14  Spawning Pool  
  17  1:17  Drone  
  17  1:20  Drone  
  18  1:29  Drone  
  19  1:39  Drone  
  20  1:50  Overlord  
  20  2:00  Drone  
  20  2:01  Drone, Queen x2  
  26  2:10  Zergling x2  
  26  2:12  Zergling x2  
  28  2:23  Hatchery  
  28  2:25  Drone  
  28  2:27  Drone  
  29  2:34  Metabolic Boost  
  29  2:36  Drone  
  30  2:37  Drone  
  31  2:45  Drone, Overlord  
  32  2:52  Queen  
  32  2:55  Drone  
  32  2:58  Drone  
  36  3:04  Drone  
  36  3:05  Drone  
  38  3:10  Zergling x2  
  39  3:13  Zergling x2  
  39  3:15  Overlord  
  39  3:16  Drone  
  41  3:20  Drone  
  41  3:21  Queen  
  44  3:28  Overlord  
  44  3:33  Drone, Queen  
  47  3:35  Drone  
  47  3:38  Drone  
  49  3:44  Drone  
  49  3:47  Drone x5  
  55  3:50  Spore Crawler  
  55  3:52  Spore Crawler  
  53  3:57  Spore Crawler  
  53  4:00  Zergling x4  
  53  4:01  Drone x2  
  53  4:02  Drone  
  57  4:04  Overlord  
  57  4:09  Drone  
  58  4:14  Overlord  
  57  4:22  Lair  
  57  4:24  Drone x3  
  57  4:25  Drone, Extractor x2  
  57  4:26  Roach Warren  
  57  4:27  Drone  
  57  4:28  Drone  
  57  4:30  Drone  
  57  4:31  Drone  
  62  4:34  Zergling x4  
  62  4:35  Zergling x2  
  62  4:37  Drone  
  66  4:39  Drone  
  66  4:42  Overlord  
  67  4:46  Drone x2  
  67  4:47  Drone x2  
  67  4:48  Drone  
  67  4:50  Drone  
  73  4:54  Overlord  
  73  5:07  Roach x4  
  81  5:09  Overlord  
  81  5:10  Extractor  
  81  5:11  Evolution Chamber  
  81  5:13  Roach x4  
  87  5:15  Drone  
  88  5:21  Overlord  
  88  5:22  Drone x2  
  90  5:29  Roach  
  90  5:30  Roach x3  
  96  5:38  Roach x2  
  96  5:42  Roach x2, Zergling x8  
  100  5:43  Queen  
  100  5:49  Roach x2  
  96  5:54  Roach  
  96  5:56  Roach x3  
  100  5:59  Roach x2, Zergling x2  
  100  6:03  Roach  
  96  6:04  Queen x2  
  96  6:07  Roach  
  98  6:12  Roach  
  98  6:17  Drone x2  
  98  6:18  Drone  
  100  6:22  Glial Reconstitution, Drone  
  100  6:29  Drone x2  
  98  6:34  Queen  
  98  6:37  Drone, Overlord  
  94  6:40  Drone  
  94  6:44  Drone  
  94  6:45  Zerg Melee Weapons Level 1  
  94  6:47  Drone  
  94  6:48  Overseer  
  94  6:52  Drone x3  
  98  6:57  Drone x5  
  98  7:00  Extractor  
  102  7:01  Hatchery  
  102  7:03  Overlord  
  102  7:05  Drone  
  102  7:07  Drone, Extractor  
  102  7:12  Overlord  
  102  7:15  Drone x3  
  105  7:20  Drone x2  
  105  7:24  Drone  
  105  7:28  Drone, Baneling Nest  
  105  7:29  Drone x4  
  110  7:35  Overlord  
  105  7:47  Drone x4  
  105  7:50  Overlord  
  107  7:55  Drone x6  
  110  8:01  Drone x7  
  116  8:11  Overlord  
  116  8:12  Drone x2  
  118  8:15  Infestation Pit  
  118  8:17  Drone  
  118  8:21  Overlord  
  118  8:27  Drone x6  
  118  8:29  Centrifical Hooks  
  118  8:31  Drone  
  118  8:34  Drone x2, Evolution Chamber  
  125  8:35  Drone x2  
  125  8:38  Spore Crawler  
  125  8:41  Overlord  
  128  8:48  Zergling x14  
  128  8:53  Zergling x2  
  132  8:56  Drone x3  
  132  8:57  Zerg Melee Weapons Level 2  
  132  8:59  Hive  
  132  9:00  Zergling x6, Spire  
  137  9:03  Zerg Missile Weapons Level 1  
  137  9:08  Hatchery, Drone  
  137  9:15  Roach x2, Zergling x18  
  150  9:18  Pneumatized Carapace  
  150  9:22  Ravager x3  
  150  9:24  Drone x4, Extractor x2  
  157  9:26  Drone  
  156  9:31  Overlord  
  156  9:32  Zergling x2  
  156  9:33  Zergling x6  
  156  9:36  Spore Crawler, Drone x2  
  161  9:38  Zergling x2  
  161  9:39  Zergling x6  
  165  9:47  Baneling x24  
  165  9:56  Zergling x20  
  174  10:08  Ravager x2  
  176  10:14  Overlord x3  
  147  10:37  Corruptor x3  
  147  10:38  Corruptor x7  
  167  10:45  Zergling x14  
  174  10:54  Corruptor x2  
  174  10:55  Extractor x2  
  176  10:58  Zergling x8  
  176  11:01  Drone x7  
  187  11:09  Corruptor x3  
  193  11:25  Ravager x3  
  196  11:34  Zergling x8  
  200  11:40  Spore Crawler x3  
  200  11:42  Spore Crawler  
Show
View Real Time Build Order
Export as new Build Order

Harstem Protoss 

Build Orders: 1 Gate Expand, Phoenix Opening, Carriers, Mass Adepts 

Get SALT Encoding   

  12  0:01  Probe  
  13  0:13  Probe  
  14  0:19  Pylon  
  14  0:25  Probe  
  15  0:32  Assimilator  
  15  0:33  Probe  
  15  0:41  Probe  
  16  0:47  Gateway  
  17  0:51  Probe  
  18  1:03  Probe  
  19  1:15  Probe  
  20  1:23  Nexus  
  20  1:34  Cybernetics Core  
  20  1:35  Probe  
  21  1:41  Assimilator  
  21  1:47  Probe  
  21  1:51  Pylon  
  22  1:59  Probe  
  22  2:00  Adept  
  23  2:11  Warp Gate, Probe  
  26  2:20  Adept  
  26  2:21  Stargate  
  26  2:23  Probe  
  27  2:36  Probe x2  
  31  2:48  Probe x2  
  33  2:56  Phoenix  
  33  3:00  Probe x2  
  33  3:03  Gateway  
  37  3:12  Probe  
  38  3:13  Probe  
  38  3:17  Twilight Council  
  39  3:24  Gateway, Probe  
  39  3:25  Probe  
  41  3:31  Pylon  
  41  3:36  Probe  
  41  3:40  Robotics Facility  
  42  3:42  Probe  
  42  3:44  Resonating Glaives  
  43  4:00  Gateway, Adept  
  43  4:01  Gateway, Adept  
  43  4:02  Probe  
  48  4:06  Probe  
  50  4:18  Pylon  
  50  4:19  Warp Prism  
  50  4:20  Adept  
  50  4:23  Pylon  
  51  4:24  Adept  
  54  4:34  Pylon  
  54  4:36  Adept  
  56  4:41  Adept  
  58  4:47  Adept  
  58  4:57  Adept x2  
  58  4:59  Adept  
  64  5:02  Adept  
  64  5:06  Probe  
  67  5:11  Adept, Pylon  
  69  5:14  Pylon  
  69  5:17  Observer  
  69  5:20  Adept x3  
  76  5:24  Adept  
  78  5:43  Adept x4  
  78  5:46  Adept x5  
  78  5:48  Probe  
  89  5:52  Warp Prism, Probe  
  83  6:05  Nexus  
  83  6:08  Adept  
  83  6:09  Adept x2  
  83  6:10  Adept  
  86  6:13  Probe  
  86  6:15  Probe  
  84  6:21  Probe  
  84  6:23  Probe  
  84  6:24  Pylon  
  77  6:26  Assimilator  
  77  6:27  Assimilator  
  77  6:29  Probe  
  77  6:31  Warp Prism  
  69  6:41  Probe  
  69  6:42  Probe  
  63  6:47  Adept x2  
  63  6:49  Probe  
  63  6:50  Probe  
  69  6:56  Adept  
  69  6:57  Adept, Probe  
  73  7:03  Fleet Beacon  
  73  7:05  Probe  
  73  7:06  Stargate  
  73  7:08  Probe  
  76  7:16  Probe  
  76  7:18  Probe  
  76  7:20  Probe  
  74  7:24  Probe, Void Ray  
  74  7:26  Probe  
  74  7:28  Assimilator  
  79  7:32  Probe, Assimilator  
  81  7:39  Adept x2  
  81  7:40  Adept x2  
  81  7:42  Probe  
  84  7:54  Probe, Carrier  
  84  7:55  Probe  
  84  7:57  Probe  
  82  8:03  Probe  
  87  8:06  Probe  
  87  8:09  Probe  
  87  8:11  Forge  
  90  8:13  Probe  
  90  8:14  Pylon  
  90  8:16  Carrier  
  90  8:18  Probe  
  92  8:21  Probe  
  92  8:23  Protoss Air Weapons Level 1  
  92  8:24  Adept x2  
  92  8:25  Probe  
  104  8:30  Probe  
  104  8:33  Probe  
  106  8:37  Probe  
  107  8:44  Stargate  
  107  8:46  Pylon  
  107  8:48  Carrier  
  99  9:02  Twilight Council  
  99  9:07  Photon Cannon  
  99  9:09  Photon Cannon  
  99  9:11  Zealot x2, Adept, Carrier  
  105  9:19  Nexus  
  105  9:23  Pylon  
  105  9:27  Templar Archives  
  105  9:30  Observer  
  112  9:31  Zealot  
  112  9:32  Zealot, Adept  
  112  9:33  Zealot  
  112  9:36  Pylon  
  112  9:37  Pylon  
  120  9:41  Probe x2  
  120  9:43  Pylon  
  122  9:48  Gateway  
  122  9:52  Carrier  
  128  9:55  Probe x2  
  130  10:01  Psionic Storm  
  130  10:07  Photon Cannon  
  130  10:10  Photon Cannon  
  130  10:14  Assimilator  
  130  10:16  Assimilator  
  130  10:20  Shield Battery  
  126  10:21  Zealot, Sentry x2  
  126  10:24  Carrier  
  128  10:35  Probe x2  
  128  10:38  Probe  
  128  10:40  Nexus  
  130  10:47  Probe, Pylon  
  130  10:48  Pylon  
  130  10:49  Pylon  
  131  10:51  Zealot  
  133  10:58  High Templar x2, Pylon  
  133  11:01  Pylon  
  137  11:04  Pylon  
  137  11:08  Photon Cannon  
  137  11:09  Photon Cannon  
  137  11:10  High Templar  
  137  11:11  High Templar, Photon Cannon  
  141  11:15  Shield Battery  
  147  11:27  Photon Cannon  
  142  11:32  Probe  
  142  11:45  Zealot x2  
  142  11:46  Zealot x2  
  105  12:02  Zealot x2  
Tags
 
Add a new tag
Caveats
  • Supply blocks, unpowered buildings, or Contaminate may cause inaccurate times.
  • Supply counts are checked every 10 seconds.